 Dungeon Crawl Stone Soup version 0.24-a0-513-g284f782 (webtiles) character file.

Game seed: 5668218653859623999

260307 FlobFlarker the Messiah (level 19, -2/112 HPs)
             Began as a Hill Orc Fighter on July 18, 2019.
             Was the Champion of Beogh.
             Splashed by an acid blob's acid (10 damage)
             ... on level 5 of the Pits of Slime on July 20, 2019.
             The game lasted 02:32:57 (39603 turns).

FlobFlarker the Messiah (Hill Orc Fighter)         Turns: 39603, Time: 02:32:58

Health: -2/112     AC:  1    Str: 27    XL:     19   Next: 92%
Magic:  30/32      EV:  8    Int:  4    God:    Beogh [******]
Gold:   1615       SH: 17    Dex:  8    Spells: 18/18 levels left

rFire    + . .     SeeInvis .   e - +12 Vampire's Tooth {vamp}
rCold    + . .     Gourm    .   P - +2 shield of Resistance {rF+ rC+ MR+}
rNeg     . . .     Faith    +   s - +2 plate armour
rPois    .         Spirit   .   l - +0 helmet
rElec    .         Reflect  .   h - scarf {cloud immunity}
rCorr    .         Harm     .   K - +2 pair of gloves
MR       ++++.                  A - +2 pair of boots
Stlth    ..........             x - amulet of faith
HPRegen  0.28/turn              I - ring of protection from magic
MPRegen  0.23/turn              r - ring of protection from magic

@: corroded
A: walk on water, clumsy 1, deformed body, dopey 2, frail 3, screaming 1
}: 2/15 runes: decaying, serpentine
a: Smiting, Recall Orcish Followers, Give Item to Named Follower, Resurrection,
Renounce Religion


You were on level 5 of the Pits of Slime.
You worshipped Beogh.
Beogh was exalted by your worship.
You were not hungry.

You visited 6 branches of the dungeon, and saw 36 of its levels.

You collected 3161 gold pieces.
You spent 1546 gold pieces at shops.

Inventory:

Hand Weapons
 a - a +3 demon trident of electrocution
 b - the +7 captain's cutlass {speed, disarm}
   (You found it on level 6 of the Dungeon)

   Attacks with this weapon are significantly faster.
 e - the +12 Vampire's Tooth (weapon) {vamp}
   (You found it on level 12 of the Dungeon)

   It inflicts no extra harm, but heals its wielder when it wounds a living foe.
Missiles
 B - 52 boomerangs (quivered)
Armour
 h - a scarf of cloud immunity (worn)
 l - a +0 helmet (worn)
 s - a +2 plate armour (worn)
 z - a scarf of spirit shield
 A - a +2 pair of boots (worn)
 K - a +2 pair of gloves (worn)
 P - the +2 shield of Resistance (worn) {rF+ rC+ MR+}
   (You found it on level 14 of the Dungeon)

   It protects you from fire.
   It protects you from cold.
   It affects your resistance to hostile enchantments.
Jewellery
 c - an uncursed ring of positive energy
 j - an uncursed ring of positive energy
 r - a ring of protection from magic (right hand)
 x - an amulet of faith (around neck)
 H - an uncursed amulet of rage
 I - a ring of protection from magic (left hand)
 L - an uncursed ring of resist corrosion
 N - an uncursed ring of poison resistance
 Q - an uncursed ring of ice
Wands
 k - a wand of polymorph (46)
 v - a wand of acid (8)
 M - a wand of disintegration (8)
 O - a wand of iceblast (20)
 R - a wand of digging (22)
 S - a wand of flame (98)
Scrolls
 i - 2 scrolls of silence
 n - a scroll of fear
 p - 3 scrolls of summoning
 q - a scroll of holy word
 u - 16 scrolls of remove curse
 y - 2 scrolls of blinking
 F - 4 scrolls of enchant armour
 U - 2 scrolls of magic mapping
 V - a scroll of teleportation
 X - 2 scrolls of fog
 Z - 4 scrolls of identify
Potions
 d - a potion of might
 g - 3 potions of cancellation
 m - 4 potions of invisibility
 o - 8 potions of curing
 C - 3 potions of haste
 G - 4 potions of heal wounds
 J - 2 potions of magic
 T - 3 potions of flight
 W - 2 potions of resistance
Miscellaneous
 t - a phial of floods
 w - 2 sacks of spiders
 D - a phial of floods
 E - a lightning rod (4/4)
 Y - a fan of gales
Comestibles
 f - 34 rations


   Skills:
 * Level 12.3 Fighting
 - Level 14.0 Short Blades
 - Level 8.0 Polearms
 + Level 18.8 Armour
 + Level 18.7 Shields
 + Level 19.7 Invocations


You had 18 spell levels left.
You didn't know any spells.
Your spell library contained the following spells:

 Spells                   Type           Power        Failure   Level  Hunger
 Animate Skeleton         Necr           N/A          96%         1    ##.....
 Flame Tongue             Conj/Fire      #....        96%         1    ##.....
 Freeze                   Ice            #...         96%         1    ##.....
 Magic Dart               Conj           #...         96%         1    ##.....
 Shock                    Conj/Air       #...         96%         1    ##.....
 Blink                    Tloc           N/A          99%         2    ###....
 Call Imp                 Summ           #.......     99%         2    ###....
 Corpse Rot               Necr           N/A          99%         2    ###....
 Searing Ray              Conj           #.....       99%         2    ###....
 Slow                     Hex            #.......     99%         2    ###....
 Sublimation of Blood     Necr           #.........   99%         2    ###....
 Swiftness                Chrm/Air       #.......     99%         2    ###....
 Throw Flame              Conj/Fire      #.....       99%         2    ###....
 Throw Frost              Conj/Ice       #.....       99%         2    ###....
 Conjure Flame            Conj/Fire      #.......     100%        3    ####...
 Dazzling Spray           Conj/Hex       #.....       100%        3    ####...
 Inner Flame              Hex/Fire       #.......     100%        3    ####...
 Mephitic Cloud           Conj/Pois/Air  #.......     100%        3    ####...
 Ozocubu's Armour         Chrm/Ice       #.......     100%        3    ####...
 Static Discharge         Conj/Air       #.......     100%        3    ####...
 Stone Arrow              Conj/Erth      #.....       100%        3    ####...
 Airstrike                Air            #.........   100%        4    #####..
 Force Lance              Conj/Tloc      #.......     100%        4    #####..
 Fulminant Prism          Conj/Hex       #.........   100%        4    #####..
 Iskenderun's Mystic Bla  Conj           #.......     100%        4    #####..
 Leda's Liquefaction      Hex/Erth       #.........   100%        4    #####..
 Sticky Flame             Conj/Fire      #.......     100%        4    #####..
 Summon Ice Beast         Ice/Summ       #.......     100%        4    #####..
 Summon Lightning Spire   Summ/Air       #.......     100%        4    #####..
 Throw Icicle             Conj/Ice       #.......     100%        4    #####..
 Dispel Undead            Necr           #.......     100%        5    ######.
 Fireball                 Conj/Fire      #.........   100%        5    ######.
 Lightning Bolt           Conj/Air       #.........   100%        5    ######.
 Silence                  Hex/Air        #.........   100%        5    ######.
 Summon Forest            Summ/Tloc      #.........   100%        5    ######.
 Conjure Ball Lightning   Conj/Air       #.........   100%        6    #######
 Death Channel            Necr           #.........   100%        6    #######
 Deflect Missiles         Chrm/Air       #.........   100%        6    #######
 Hydra Form               Tmut           #.........   100%        6    #######
 Statue Form              Tmut/Erth      #........    100%        6    #######
 Summon Hydra             Summ           #.........   100%        7    #######
 Tornado                  Air            #.........   100%        9    #######


Dungeon Overview and Level Annotations

Branches:
Dungeon (15/15) Temple (0/1) D:5 Lair (6/6) D:11 Swamp (4/4) Lair:3 Snake (4/4) Lair:2 Slime (5/5) Lair:5 Orc (2/2) D:11 Elf (0/3) Orc:2 Vaults (0/5) D:13 D:14 Depths (0/5) D:15

Altars:
Cheibriados
Dithmenos
Elyvilon
Fedhas
Gozag
Hepliaklqana
Kikubaaqudgha
Makhleb
Qazlal
Ru
Sif Muna
Trog
Uskayaw
Xom
Yredelemnul
Zin
Beogh
Jiyva

Shops:
D:4 *   D:12 [   Orc:2 }?:((   Snake:2 }=}?

Annotations:
D:14 1 runed translucent door
Lair:2 exclusion: 2 oklob plants
Lair:6 exclusion: 2 oklob plants
Slime:5 Royal Jelly


Innate Abilities, Weirdness & Mutations

You can walk on water.
You are clumsy. (Dex -2)
Armour fits poorly on your strangely shaped body.
You are very dopey. (Int -4)
You are extremely frail. (-30% HP)
You occasionally shout uncontrollably at your foes.


Message History

The acid blob spits acid at you. The splash of acid hits you!
You are splashed with acid!
You are too injured to fight recklessly!
You are too injured to fight recklessly!
You are too injured to fight recklessly!
You are too injured to fight recklessly!
You are too injured to fight recklessly!
You puncture the acid blob!
You feel better.
Your hands burn!
The acid blob is heavily wounded.
You hit the acid blob. The acid corrodes you!
Your hands burn!
The acid blob is heavily wounded.
The Royal Jelly comes into view.
You puncture the acid blob!
Your hands burn!
The acid blob is severely wounded.
You barely miss the acid blob.
The acid blob is severely wounded.
The acid blob hits you!!!
* * * LOW HITPOINT WARNING * * *
You are splashed with acid!
You die...

###.................
#.(.................
#(................
#.................
#J(...............
#.................
##.................
##..................
#.o@o..............#
#...J................
#...................##
J....................##
....................##
....................#
....................#
....................#
...............##


You could see the Royal Jelly, an acid blob, a slime creature, the friendly
Horkud the orc warlord and the friendly Urug.

Vanquished Creatures
  Nikola (Snake:1)
  A bone dragon (Swamp:4)
  2 acid blobs (Slime:1)
  2 azure jellies (Slime:2)
  5 nagarajas (Snake:4)
  The ghost of Hedningen the Eclecticist, an adept DECj of Vehumet (Snake:2)
  Nessos (D:14)
  2 fire dragons (D:14)
  Josephine (Swamp:1)
  2 great orbs of eyes
  Harold (D:8)
  11 hydras
  An ice dragon (D:14)
  A rakshasa (D:15)
  9 naga warriors
  5 ghost crabs
  An ogre mage (D:15)
  2 centaur warriors
  9 two-headed ogres
  A death knight (D:15)
  Erica (D:8)
  18 anacondas
  The ghost of Qiorousy the Summoner, a journeyman TeSu of Sif Muna (Lair:3)
  A death yak (Lair:6)
  10 alligators
  15 naga sharpshooters
  3 shock serpents
  A sea snake (Snake:4)
  A death drake (Swamp:4)
  An unseen horror (D:13)
  2 swamp dragons
  3 spectral hydras (Swamp:4)
  A glowing orange brain (D:15)
  4 naga ritualists
  A deep elf archer (D:14)
  7 mana vipers
  2 orc knights
  Pikel (D:8)
  A wolf spider zombie (D:15)
  9 ugly things
  A lindwurm (Lair:4)
  3 deep elf magi
  A manticore (Lair:4)
  5 salamanders
  A shining eye (Slime:2)
  8 cyclopes
  27 black mambas
  A centaur zombie (D:13)
  A torpor snail (Lair:4)
  7 elephants
  7 guardian serpents
  10 naga magi
  A gargoyle (D:14)
  Psyche (D:8)
  An eye of devastation (Slime:2)
  7 spiny frogs
  3 freezing wraiths (D:15)
  A kobold demonologist (D:13)
  3 swamp worm zombies (Swamp:4)
  A rime drake (Lair:4)
  An efreet (D:15)
  A yaktaur (D:15)
  2 komodo dragons (Lair:4)
  A hydra zombie (Swamp:4)
  4 trolls
  2 meliai (Lair:4)
  3 polar bears
  A queen bee (Lair:4)
  7 tyrant leeches
  7 hornets
  2 spectral swamp dragons (Swamp:4)
  7 bog bodies
  A raiju (shapeshifter) (D:14)
  9 blink frogs
  A blink frog (shapeshifter) (D:15)
  6 hippogriffs
  2 meliai zombies
  27 slime creatures
  7 dream sheep
  2 alligator zombies (Swamp:4)
  Sigmund (D:5)
  11 spriggans
  5 shadows
  3 wraiths
  A wyvern (D:11)
  32 yaks
  3 basilisks
  2 vampires (D:12)
  12 humans
  A hungry ghost (D:14)
  13 vampire mosquitoes
  17 insubstantial wisps
  9 swamp worms
  4 wargs
  26 nagas
  5 water moccasins
  Duvessa (D:7)
  8 porcupines
  4 orc warriors
  6 swamp drakes
  7 ice beasts
  5 phantoms
  5 sky beasts
  3 eyes of draining
  31 wolves
  4 swamp dragon zombies (Swamp:4)
  23 ogres
  4 black bears
  6 centaurs
  3 necrophages
  3 boggarts (Lair:6)
  6 big kobolds
  9 crocodiles
  14 bullfrogs
  A wyvern skeleton (D:11)
  4 scorpions
  Dowan (D:7)
  22 killer bees
  9 wights
  2 electric eels (Lair:3)
  6 crimson imps
  The ghost of DinnerBoy7 the Grave Robber, a weakling DENe (D:3)
  A wyvern simulacrum (D:14)
  4 bullfrog zombies
  4 hounds
  A bullfrog skeleton (D:6)
  8 jellies
  2 orc priests
  5 orc wizards
  3 centaur skeletons
  An iron imp (D:8)
  2 hell rats (Lair:3)
  5 iguanas
  5 worker ants
  4 hound skeletons
  A worker ant zombie (D:8)
  17 river rats
  A swamp drake zombie (Swamp:4)
  7 adders
  2 gnolls (D:8)
  2 shadow imps
  3 oozes
  2 adder zombies
  3 adder skeletons
  A worm (D:6)
  3 dart slugs
  3 leopard geckos
  32 orcs
  4 giant cockroaches
  2 hobgoblins
  11 jackals
  8 quokkas
  2 ball pythons
  10 bats
  3 frilled lizards
  9 goblins
  22 kobolds
  12 rats
  A fungus (Lair:4)
864 creatures vanquished.

Vanquished Creatures (collateral kills)
  Mara (Snake:3)
  Rupert (D:14)
  6 acid blobs
  Gastronok (Orc:1)
  An azure jelly (Slime:2)
  5 nagarajas
  3 ghouls (D:13)
  An orc high priest (Swamp:2)
  A death ooze (Slime:5)
  An ice dragon (D:14)
  3 great orbs of eyes
  8 anacondas (Snake:4)
  6 hydras
  A catoblepas (Lair:6)
  3 alligators
  9 naga warriors
  5 two-headed ogres
  2 ogre magi (Orc:2)
  A tengu warrior (D:13)
  A dancing weapon (Snake:2)
  2 centaur warriors
  A death yak (Lair:6)
  7 shock serpents
  7 naga sharpshooters
  Sonja (Lair:5)
  A deep elf knight (D:14)
  A sea snake (Snake:4)
  A spectral hydra (Swamp:4)
  A skeletal warrior (D:13)
  4 naga ritualists
  2 deep trolls (Orc:2)
  A wizard (D:15)
  A phantasmal warrior (D:15)
  A wolf spider zombie (D:15)
  2 mana vipers
  4 ugly things
  5 shining eyes
  2 manticores
  10 slime creatures
  A deep elf mage (D:14)
  4 salamanders
  2 cyclopes
  2 centaur zombies
  14 elephants
  9 naga magi
  6 guardian serpents
  14 black mambas
  2 eyes of devastation (Slime:5)
  A gargoyle (D:14)
  4 spiny frogs
  A centaur skeleton (D:14)
  7 komodo dragons
  A freezing wraith (D:14)
  A rime drake (Lair:4)
  2 hydra zombies (Swamp:4)
  2 tyrant leeches
  A meliai (Lair:4)
  10 trolls
  6 blink frogs
  A bog body (Swamp:4)
  An alligator zombie (Swamp:4)
  2 hornets
  A dream sheep (Lair:4)
  4 hippogriffs
  3 spriggans
  A vampire (D:13)
  4 wraiths
  3 wyverns
  2 basilisks
  15 yaks
  A vampire mosquito (D:12)
  5 humans (D:14)
  2 wargs
  4 insubstantial wisps
  A swamp worm (shapeshifter) (D:15)
  22 nagas
  5 water moccasins
  2 porcupines
  3 orc warriors (Orc:2)
  A swamp drake (Swamp:3)
  2 eyes of draining
  7 ice beasts
  3 black bears
  A sky beast (D:13)
  2 phantoms (Swamp:4)
  9 ogres (Orc:2)
  7 wolves
  A boggart (Lair:6)
  A centaur (D:13)
  5 crocodiles
  2 big kobolds (D:13)
  2 bullfrogs
  A wyvern zombie (D:13)
  3 wights
  12 killer bees (Lair:4)
  3 electric eels
  A crimson imp (D:14)
  A bullfrog zombie (D:13)
  3 jellies
  An orc priest (D:10)
  2 hounds
  3 orc wizards
  A spectral swamp drake (Swamp:4)
  3 worker ants
  A hell rat (Lair:3)
  A mummy (D:13)
  A worker ant zombie (D:10)
  3 adders
  A river rat (Lair:3)
  3 oozes (Lair:5)
  7 orcs
  A jackal (D:11)
  3 quokkas (Lair:3)
  9 kobolds
  2 rats (Lair:3)
  4 fungi
  A withered plant (D:13)
400 creatures vanquished.

Vanquished Creatures (others)
  An orc warlord (Snake:4)
  5 orc warriors
  5 orc knights
  7 orc priests
  A swamp worm zombie (Swamp:4)
  9 orc wizards
  2 insubstantial wisps (Swamp:4)
  A crimson imp (D:8)
  A gnoll (D:8)
  40 orcs
  A quokka (D:8)
  4 fungi
  5 plants
82 creatures vanquished.

Grand Total: 1346 creatures vanquished

Notes
Turn   | Place    | Note
-------+----------+-------------------------------------------
     0 | D:1      | FlobFlarker the Hill Orc Fighter began the quest for the
                  | Orb.
     0 | D:1      | Reached XP level 1. HP: 19/19 MP: 1/1
   233 | D:1      | Reached XP level 2. HP: 26/26 MP: 2/2
  1223 | D:2      | Found a blossoming altar of Fedhas.
  1229 | D:2      | Found a basalt altar of Yredelemnul.
  1455 | D:2      | Reached XP level 3. HP: 31/31 MP: 3/3
  1461 | D:2      | Found a glowing silver altar of Zin.
  1766 | D:2      | Found a white marble altar of Elyvilon.
  1819 | D:2      | Found a deep blue altar of Sif Muna.
  2050 | D:2      | Reached XP level 4. HP: 32/39 MP: 4/4
  2381 | D:3      | Became a worshipper of Beogh the Brigand
  2463 | D:3      | Reached XP level 5. HP: 45/45 MP: 5/5
  2528 | D:3      | Noticed an air elemental
  2530 | D:3      | Found a stormy altar of Qazlal.
  2534 | D:3      | Noticed a water elemental
  2535 | D:3      | Noticed a fire elemental
  2685 | D:3      | Found a runed translucent gate.
  2685 | D:3      | Identified the cursed +3 mace "Nucwixt" {vamp, rElec rPois
                  | rN+ Str-5}
  2685 | D:3      | Noticed DinnerBoy7's ghost (weakling DENe)
  2686 | D:3      | Found a runed translucent gate.
  2687 | D:3      | Found a runed translucent gate.
  2687 | D:3      | Found a roughly hewn altar of Beogh.
  2727 | D:3      | Killed DinnerBoy7's ghost
  2913 | D:3      | Found a bloodstained altar of Trog.
  3058 | D:3      | Found a hide-covered altar of Uskayaw.
  3155 | D:3      | Found a shadowy altar of Dithmenos.
  3557 | D:4      | Noticed an ogre
  3573 | D:4      | Killed an ogre
  3573 | D:4      | Reached skill level 5 in Polearms
  3573 | D:4      | Reached XP level 6. HP: 17/51 MP: 2/6
  3601 | D:4      | Reached * piety under Beogh
  3812 | D:4      | Reached skill level 5 in Armour
  3812 | D:4      | Reached skill level 5 in Shields
  3812 | D:4      | Reached XP level 7. HP: 11/57 MP: 1/7
  4390 | D:4      | Found Sinlimoc's General Store.
  4395 | D:4      | Bought a potion of heal wounds for 65 gold pieces
  4693 | D:5      | Entered Level 5 of the Dungeon
  4693 | D:5      | Found a burning altar of Makhleb.
  4887 | D:5      | Reached XP level 8. HP: 57/64 MP: 8/8
  5067 | D:5      | Found a sacrificial altar of Ru.
  5225 | D:5      | Found a staircase to the Ecumenical Temple.
  5226 | D:5      | Noticed Sigmund
  5240 | D:5      | Killed Sigmund
  5466 | D:5      | Reached ** piety under Beogh
  5733 | D:6      | Found the +7 captain's cutlass {speed, disarm}
  6074 | D:6      | Reached skill level 1 in Short Blades
  6883 | D:7      | Reached XP level 9. HP: 65/70 MP: 9/9
  7019 | D:7      | Noticed Dowan
  7020 | D:7      | Noticed Duvessa
  7026 | D:7      | Killed Dowan
  7033 | D:7      | Killed Duvessa
  7407 | D:8      | Noticed Pikel
  7429 | D:8      | Killed Pikel
  7472 | D:8      | Found a shimmering altar of Xom.
  7475 | D:8      | Noticed Harold
  7512 | D:8      | Killed Harold
  7512 | D:8      | Reached skill level 5 in Short Blades
  7512 | D:8      | Reached XP level 10. HP: 46/77 MP: 6/10
  7516 | D:8      | Reached *** piety under Beogh
  7683 | D:8      | Noticed Psyche
  7694 | D:8      | Killed Psyche
  7695 | D:8      | Noticed Erica
  7706 | D:8      | Killed Erica
  7870 | D:8      | Found a hazy altar of Hepliaklqana.
  7904 | D:8      | Found a snail-covered altar of Cheibriados.
  8227 | D:9      | Noticed a two-headed ogre
  8247 | D:9      | Killed a two-headed ogre
  8574 | D:9      | Reached skill level 10 in Armour
  8628 | D:9      | Reached skill level 10 in Shields
  8679 | D:9      | Found an ancient bone altar of Kikubaaqudgha.
  8888 | D:9      | Reached XP level 11. HP: 82/82 MP: 11/11
  8950 | D:9      | Found a burning altar of Makhleb.
  8976 | D:9      | Noticed a two-headed ogre
  8983 | D:9      | Killed a two-headed ogre
  9405 | D:10     | Entered Level 10 of the Dungeon
  9410 | D:10     | Reached **** piety under Beogh
  9877 | D:10     | Reached ***** piety under Beogh
 10328 | D:11     | Reached skill level 1 in Invocations
 10562 | D:11     | Found a staircase to the Orcish Mines.
 10703 | D:11     | Reached skill level 2 in Invocations
 10983 | D:11     | Found a staircase to the Lair.
 10995 | D:11     | Gained Blodwig as an ally
 11354 | Lair:1   | Entered Level 1 of the Lair of Beasts
 11693 | Lair:1   | Reached skill level 3 in Invocations
 11756 | Lair:1   | Reached skill level 10 in Short Blades
 11756 | Lair:1   | Reached skill level 8 in Invocations
 11756 | Lair:1   | Reached XP level 12. HP: 60/90 MP: 13/18
 11757 | Lair:1   | Reached XP level 13. HP: 64/95 MP: 13/19
 11951 | Lair:1   | Found a deep blue altar of Sif Muna.
 12532 | Lair:2   | Reached XP level 14. HP: 99/102 MP: 20/20
 12709 | Lair:2   | Found a staircase to the Snake Pit.
 12800 | Lair:2   | Found a frozen archway.
 13126 | Lair:2   | Reached skill level 9 in Invocations
 13597 | Lair:3   | Found a staircase to the Swamp.
 13686 | Lair:3   | Gained Marbork as an ally
 13719 | Lair:3   | Reached ****** piety under Beogh
 13925 | Lair:3   | Found a runed translucent door.
 14275 | Lair:3   | Noticed Qiorousy's ghost (journeyman TeSu)
 14479 | Lair:3   | Killed Qiorousy's ghost
 14697 | Lair:4   | Reached skill level 10 in Invocations
 15386 | Lair:4   | Identified a scroll of acquirement
 15387 | Lair:4   | Got an encrusted helmet
 15398 | Lair:4   | Identified the -2 helmet of Reason {rPois MP+9 Dex-3 SInv}
                  | (You acquired it on level 4 of the Lair of Beasts)
 15846 | Lair:5   | Found a staircase to the Slime Pits.
 16226 | Lair:5   | Reached skill level 11 in Invocations
 16235 | Lair:5   | Noticed Sonja
 16241 | Lair:5   | Killed Sonja
 16377 | Lair:5   | Noticed Urug
 16969 | Lair:6   | Entered Level 6 of the Lair of Beasts
 17178 | Lair:6   | Reached XP level 15. HP: 78/107 MP: 23/23
 17463 | Lair:6   | Reached skill level 12 in Invocations
 17631 | Lair:6   | Upgraded the game from 0.24-a0-507-g3e8b2426 to
                  | 0.24-a0-513-g284f782
 18576 | Orc:1    | Entered Level 1 of the Orcish Mines
 18605 | Orc:1    | Noticed Gastronok
 18616 | Orc:1    | Killed Gastronok
 18991 | Orc:2    | Entered Level 2 of the Orcish Mines
 19022 | Orc:2    | Gained Hawl as an ally
 19024 | Orc:2    | Found Iruhy's Antique Weapon Emporium.
 19044 | Orc:2    | Bought a polished falchion for 312 gold pieces
 19046 | Orc:2    | Identified the cursed +0 falchion of Peace {antimagic,
                  | *Drain MR+ Str+6 Int+3} (You bought it in a shop on level 2
                  | of the Orcish Mines)
 19067 | Orc:2    | Found a staircase to the Elven Halls.
 19084 | Orc:2    | Reached skill level 13 in Invocations
 19234 | Orc:2    | Found Otheadog's Magic Scroll Emporium.
 19247 | Orc:2    | Found Xifemues's Weapon Shoppe.
 19325 | Orc:2    | Your ally Marbork died
 19345 | Orc:2    | Found Fets's Gadget Shop.
 19355 | Orc:2    | HP: 5/107 [poisoned by an ogre mage (bolt of poison)]
 19361 | Orc:2    | HP: 4/107 [poisoned by an ogre mage (bolt of poison)]
 19369 | Orc:2    | HP: 4/107 [poisoned by an ogre mage (bolt of poison)]
 19377 | Orc:2    | HP: 4/107 [poisoned by an ogre mage (bolt of poison)]
 19741 | Orc:2    | Bought a scroll of identify for 26 gold pieces
 19741 | Orc:2    | Bought a scroll of magic mapping for 45 gold pieces
 19741 | Orc:2    | Bought 3 scrolls of identify for 78 gold pieces
 19751 | Orc:2    | Found Vake's Book Emporium.
 19754 | Orc:2    | Bought a sack of spiders for 220 gold pieces
 19754 | Orc:2    | Bought a lightning rod (4/4) for 440 gold pieces
 20520 | D:12     | Found Lidub's Antique Armour Boutique.
 20566 | D:12     | Gained Morun as an ally
 20591 | D:12     | Found the +12 Vampire's Tooth {vamp}
 20988 | D:13     | Found a hazy altar of Hepliaklqana.
 21083 | D:13     | Noticed a ghoul
 21091 | D:13     | Killed a ghoul
 21101 | D:13     | Noticed a ghoul
 21121 | D:13     | Killed a ghoul
 21121 | D:13     | Reached skill level 14 in Invocations
 21137 | D:13     | Noticed a ghoul
 21147 | D:13     | Killed a ghoul
 21155 | D:13     | Your ally Morun died
 21539 | D:13     | Reached XP level 16. HP: 115/115 MP: 21/26
 22174 | D:14     | Found a gate to the Vaults.
 22174 | D:14     | Noticed Nessos
 22174 | D:14     | Noticed Rupert
 22248 | D:14     | Found the +8 demon blade "Bloodbane" {slice, *Rage +Rage
                  | Stlth-}
 22403 | D:14     | Reached skill level 15 in Armour
 22413 | D:14     | Reached skill level 15 in Shields
 22500 | D:14     | Killed Nessos
 22505 | D:14     | Killed Rupert
 22514 | D:14     | Reached skill level 15 in Invocations
 22515 | D:14     | Your ally Hawl died
 22790 | D:14     | Found a runed translucent door.
 22794 | D:14     | Found the +2 shield of Resistance {rF+ rC+ MR+}
 22882 | D:14     | Found a runed translucent door.
 23163 | D:15     | Entered Level 15 of the Dungeon
 23460 | D:15     | Found a staircase to the Depths.
 24027 | D:15     | Found an opulent altar of Gozag.
 24061 | D:15     | Gained Boghold as an ally
 24612 | Swamp:1  | Entered Level 1 of the Swamp
 24699 | Swamp:1  | Reached skill level 16 in Invocations
 24712 | Swamp:1  | Your ally Boghold died
 24743 | Swamp:1  | Found a burning altar of Makhleb.
 24827 | Swamp:1  | Reached XP level 17. HP: 121/121 MP: 29/29
 24951 | Swamp:1  | Noticed Josephine
 24966 | Swamp:1  | Killed Josephine
 25692 | Swamp:2  | Your ally Blodwig died
 25973 | Swamp:2  | Identified the +7 ring mail of the Hall of Blades {rPois
                  | Str-4 Dex+8 Stlth+} (You found it on level 2 of the Swamp)
 27490 | Swamp:4  | Entered Level 4 of the Swamp
 27542 | Swamp:4  | Reached skill level 17 in Invocations
 27726 | Swamp:4  | Gained Horkud as an ally
 28386 | Swamp:4  | Gained Herok as an ally
 28737 | Swamp:4  | Noticed a bone dragon
 28775 | Swamp:4  | Killed a bone dragon
 29011 | Swamp:4  | Got a decaying rune of Zot
 29209 | Snake:1  | Entered Level 1 of the Snake Pit
 29669 | Snake:1  | Noticed Nikola
 29706 | Snake:1  | Killed Nikola
 29828 | Snake:1  | Reached XP level 18. HP: 126/127 MP: 30/30
 30106 | Snake:1  | Reached skill level 18 in Invocations
 30177 | Snake:1  | Identified the Papyrus of Clay and Evil Rituals
 30487 | Snake:2  | Found Niluod Zoki's Magic Scroll Shoppe.
 30503 | Snake:2  | Bought a scroll of summoning for 180 gold pieces
 30503 | Snake:2  | Bought a scroll of summoning for 180 gold pieces
 30551 | Snake:2  | Found Ighu's Gadget Emporium.
 30562 | Snake:2  | Found Vinilaeda's Jewellery Boutique.
 30563 | Snake:2  | Found Kaijesoh's Gadget Emporium.
 31238 | Snake:2  | Reached skill level 5 in Fighting
 31579 | Snake:2  | Found a runed translucent door.
 31579 | Snake:2  | Found a shimmering altar of Xom.
 31579 | Snake:2  | Noticed Hedningen's ghost (adept DECj)
 31579 | Snake:2  | Identified the cursed +3 dire flail of a sewer {chaos, rF-
                  | MR- Int+2 Dex+4}
 31994 | Snake:2  | Killed Hedningen's ghost
 32026 | Snake:3  | Noticed Mara
 32044 | Snake:3  | Killed Mara
 33190 | Snake:4  | Entered Level 4 of the Snake Pit
 33427 | Snake:4  | Reached XP level 19. HP: 87/151 MP: 32/32
 33577 | Snake:4  | Reached skill level 19 in Invocations
 33829 | Snake:4  | Reached skill level 10 in Fighting
 34343 | Snake:4  | Your ally Herok died
 34714 | Snake:4  | Got a serpentine rune of Zot
 34880 | Slime:1  | Entered Level 1 of the Pits of Slime
 34914 | Slime:1  | Gained mutation: Armour fits poorly on your strangely
                  | shaped body. [a shining eye]
 34914 | Slime:1  | Gained mutation: You are frail. (-10% HP) [a shining eye]
 34922 | Slime:1  | Gained mutation: You are very frail. (-20% HP) [a shining
                  | eye]
 34927 | Slime:1  | Gained mutation: You are clumsy. (Dex -2) [a shining eye]
 34948 | Slime:1  | Gained mutation: You are extremely frail. (-30% HP) [a
                  | shining eye]
 36269 | Slime:2  | Gained mutation: You are dopey. (Int -2) [a shining eye]
 38094 | Slime:3  | You fall into a shaft and drop 1 floor!
 38955 | Slime:4  | Gained mutation: You occasionally shout uncontrollably at
                  | your foes. [a shining eye]
 38957 | Slime:4  | Gained mutation: You are very dopey. (Int -4) [a shining
                  | eye]
 39071 | Slime:4  | Found a viscous altar of Jiyva.
 39499 | Slime:5  | Entered Level 5 of the Pits of Slime
 39601 | Slime:5  | Noticed the Royal Jelly
 39603 | Slime:5  | Splashed by an acid blob's acid

Levels and vault maps discovered:
D:1:      dpeg_arrival_windows_large_door, layout_basic,
          serial_co_window_serial, co_window_paths_a, co_window_corner_a,
          co_window_corner_a, co_window_paths_a, co_window_paths_b,
          co_window_corner_cb, co_window_of_opportunity_c, co_window_2corner,
          co_window_2corner, co_window_of_opportunity_c, co_window_2corner,
          co_window_corner_b, co_window_4corner_b, co_window_sun,
          glass_columns_a, glass_columns_b, glass_columns_b, glass_columns_a,
          glass_columns_c
D:2:      layout_basic, kennysheep_ying_yang, nicolae_overflow_crystal_walls,
          zin_academy, overflow_temple_1_default
D:3:      layout_loops_ring, lemuel_crystal_altar,
          eat_drink_and_be_merry_uskayaw, lemuel_coloured_pillars_altar,
          nicolae_qazlal_style_of_elements, biasface_ghost_orc_armoury
D:4:      layout_rooms, first_ration, serial_shops, kennysheep_little_box
D:5:      layout_gridville, marbit_many_paths, minmay_temple_entry_antechambers,
          basic_altar, uniq_sigmund
D:6:      layout_basic
D:7:      layout_basic, uniq_duvessa
D:8:      layout_basic, slow_altar_2, overflow_temple_1_default, basic_altar,
          uniq_pikel, uniq_harold, uniq_erica, uniq_psyche
D:9:      layout_stronghold, makhleb_blood_cavern_becter, basic_altar
D:10:     layout_cave_pools, grunt_pizzeria
D:11:     layout_roguey, erik_lair_dragon, minmay_orc_entry_guard_dogs
D:12:     layout_roguey, serial_shops, nicolae_shop_crystal,
          minmay_guarded_unrand_vampires_tooth
D:13:     minmay_connected_triangles_in_corner, layout_basic, basic_altar,
          serial_undead, serial_undead_b, serial_undead_e, serial_undead_c,
          serial_undead_a
D:14:     minmay_bloctagon, layout_rooms, david_vaults_3,
          minmay_guarded_unrand_resistance
D:15:     gammafunk_enter_depths_forms, layout_loops_ring,
          nicolae_gozag_seed_capital
Lair:1:   layout_gridlike, basic_altar, grunt_megastairs_5
Lair:2:   dpeg_oklob_gauntlet, layout_regular_city, dummy_snake_entry,
          portal_ice_cave_entry_ice_beasts, grunt_forest_large_clearings,
          grunt_megastairs_1
Lair:3:   lemuel_ratsnest, layout_cave_shapes, minmay_swamp_entry_eels,
          ebering_ghost_inner_flame, beast_lair_carwin_6
Lair:4:   regret_index_wax_grids, layout_misc_corridors
Lair:5:   layout_regular_city, nicolae_slime_entry_slimehenge, uniq_urug,
          uniq_sonja
Lair:6:   minmay_lair_end_enchanted_forest, layout_loops_ring, minivault_11,
          nicolae_quartered_pool_little, chequers_serial_rivers_small_a,
          minivault_24, st_stairs_9, nicolae_lair_yak_garden,
          minmay_lair_oklob_chamber
Swamp:1:  layout_falls_marsh, lemuel_altar_in_water, hangedman_swamp_diagram,
          swamp_pool1, uniq_josephine
Swamp:2:  layout_falls_marsh, serial_swamp_ruin, evilmike_swamp_ruin_rubble_1,
          hangedman_swamp_ruin_wall, evilmike_swamp_ruin_house_3
Swamp:3:  layout_basic_swamp, hangedman_swamp_cone, swamp_pool4
Swamp:4:  swamp_pestilence, layout_basic_swamp
Snake:1:  layout_concentric_octagons, uniq_nikola
Snake:2:  layout_chambers, ebering_ghost_xom, serial_shops, shop,
          nicolae_snake_shapes, minmay_shop_grove, lemuel_fruit_tree
Snake:3:  layout_onion, serial_bayou_crossing, uniq_mara
Snake:4:  grunt_snake_rune_serpentine_throne, layout_onion,
          serial_bayou_shore_a, grunt_megastairs_3
Slime:1:  layout_caves
Slime:2:  layout_caves, nicolae_slime_phagocytosis
Slime:3:  layout_caves
Slime:4:  layout_caves, basic_altar, nicolae_slime_welcoming_committee
Slime:5
Orc:1:    layout_caves, uniq_gastronok
Orc:2:    st_orc_open, layout_diamond_mine, serial_shops, shop

Skill      XL: |  1  2  3  4  5  6  7  8  9 10 11 12 13 14 15 16 17 18 19 |
---------------+----------------------------------------------------------+-----
Polearms       | 3 4 5 6 7 8 |  8.0
Armour         | 4 5 7 9 10 11 13 14 16 17 18 | 18.8
Shields        | 4 5 7 9 10 11 13 14 16 17 18 | 18.7
Short Blades   | 2 5 7 10 13 14 | 14.0
Invocations    | 8 11 14 16 17 18 19 | 19.7
Fighting       | 9 12 | 12.3

Action                   |  1- 3 |  4- 6 |  7- 9 | 10-12 | 13-15 | 16-18 | 19-21 || total
-------------------------+-------+-------+-------+-------+-------+-------+-------++-------
Melee: Trident           |    97 |   157 |   187 |       |    28 |       |       ||   469
       Cutlass           |       |       |   166 |   451 |  1248 |       |       ||  1865
       Quick blade       |       |       |       |       |   148 |  2815 |   828 ||  3791
Throw: Stone             |       |     8 |       |       |       |       |       ||     8
       Boomerang         |       |       |    16 |       |       |     2 |     7 ||    25
Invok: Convert to Beogh  |       |     1 |       |       |       |       |       ||     1
       Smiting           |       |       |     2 |     3 |    44 |    32 |     7 ||    88
       Recall Orcish Fol |       |       |       |     1 |    35 |    23 |     8 ||    67
       Give Item to Name |       |       |       |       |     1 |     3 |       ||     4
       Resurrection      |       |       |       |       |       |     2 |       ||     2
       Stop Recall       |       |       |       |       |       |     1 |       ||     1
Evoke: Wand              |       |       |       |       |     4 |       |     1 ||     5
  Use: Potion            |       |     5 |     2 |     4 |     1 |    12 |     3 ||    27
       Scroll            |       |     1 |     7 |    15 |    11 |    11 |     4 ||    49
 Stab: Distracted        |       |       |       |     1 |    13 |    10 |     3 ||    27
       Confused          |       |       |       |     1 |       |       |       ||     1
       Invisible         |       |       |       |       |       |     9 |       ||     9
  Eat: Chunk             |     3 |     5 |       |    10 |    14 |     5 |       ||    37
       Ration            |       |     1 |     3 |     1 |     5 |    10 |     6 ||    26
Armor: Scale mail        |    35 |    61 |       |       |       |       |       ||    96
       Chain mail        |       |     1 |   138 |    48 |       |       |       ||   187
       Plate armour      |       |       |       |    43 |   341 |   606 |   155 ||  1145
Dodge: Dodged            |    30 |    41 |    58 |    17 |    89 |   274 |    55 ||   564
Block: Shield            |    31 |    86 |   161 |       |       |   948 |   291 ||  1517
       Large shield      |       |       |    14 |   233 |   794 |   196 |       ||  1237

Table legend:
 A = Non-vault XP
 B = Vault XP
 C = Vault XP percentage of total XP
 D = Non-vault monster count
 E = Vault monster count
 F = Vault count percentage of total count
                 A         B        C        D         E       F
            +---------+---------+-------+---------+---------+-------
      Total |  214342 |  144004 |  40.2 |     789 |     469 |  37.3
            +---------+---------+-------+---------+---------+-------
        D:1 |      24 |       0 |   0.0 |      15 |       0 |   0.0
        D:2 |      95 |       0 |   0.0 |      24 |       0 |   0.0
        D:3 |      75 |      73 |  49.3 |      10 |      10 |  50.0
        D:4 |     750 |       0 |   0.0 |      23 |       0 |   0.0
        D:5 |     331 |     241 |  42.1 |      13 |       2 |  13.3
        D:6 |     747 |       0 |   0.0 |      17 |       0 |   0.0
        D:7 |     763 |     211 |  21.7 |      16 |       2 |  11.1
        D:8 |     595 |    2991 |  83.4 |      16 |       5 |  23.8
        D:9 |    4079 |     137 |   3.2 |      30 |       2 |   6.2
       D:10 |    2083 |     189 |   8.3 |      39 |       1 |   2.5
       D:11 |    1115 |    1105 |  49.8 |      19 |      10 |  34.5
       D:12 |    2889 |    1522 |  34.5 |      22 |       8 |  26.7
       D:13 |    7183 |    4318 |  37.5 |      36 |      10 |  21.7
       D:14 |    6495 |   16981 |  72.3 |      26 |      39 |  60.0
       D:15 |   14740 |    4502 |  23.4 |      37 |       9 |  19.6
     Lair:1 |    3598 |      55 |   1.5 |      20 |       1 |   4.8
     Lair:2 |    1457 |    3939 |  73.0 |       8 |      35 |  81.4
     Lair:3 |     978 |    3228 |  76.7 |       5 |      54 |  91.5
     Lair:4 |    5482 |    7883 |  59.0 |      25 |      54 |  68.4
     Lair:5 |    5320 |     543 |   9.3 |      20 |       9 |  31.0
     Lair:6 |    9678 |   10328 |  51.6 |      44 |      49 |  52.7
    Swamp:1 |   14402 |    1713 |  10.6 |      40 |       5 |  11.1
    Swamp:2 |    6004 |       0 |   0.0 |      17 |       0 |   0.0
    Swamp:3 |   10455 |       0 |   0.0 |      28 |       0 |   0.0
    Swamp:4 |    8415 |   13028 |  60.8 |      16 |      39 |  70.9
    Snake:1 |   17854 |    4017 |  18.4 |      38 |       1 |   2.6
    Snake:2 |   17702 |    6763 |  27.6 |      36 |      10 |  21.7
    Snake:3 |   22143 |    5375 |  19.5 |      48 |       1 |   2.0
    Snake:4 |   16801 |   39075 |  69.9 |      35 |      67 |  65.7
    Slime:1 |    7202 |       0 |   0.0 |      12 |       0 |   0.0
    Slime:2 |   12806 |    1018 |   7.4 |      23 |       4 |  14.8
    Slime:3 |    2325 |       0 |   0.0 |       5 |       0 |   0.0
    Slime:4 |    6633 |       0 |   0.0 |       6 |       0 |   0.0
    Slime:5 |     754 |    2907 |  79.4 |       2 |       4 |  66.7
      Orc:1 |     331 |    1447 |  81.4 |       6 |       1 |  14.3
      Orc:2 |    2038 |   10415 |  83.6 |      12 |      37 |  75.5
            +---------+---------+-------+---------+---------+-------
